 Dungeon Crawl Stone Soup version 0.31-a0-149-g3fdcc5976a (webtiles) character file.

Game seed: 16623141191592740752

419 qw the Skirmisher (level 6, 0/53 HPs)
             Began as a Minotaur Hunter on June 7, 2023.
             Slain by Duvessa
             ... wielding a +0 short sword of protection
              (8 damage)
             ... on level 4 of the Dungeon.
             The game lasted 00:02:00 (3427 turns).

qw the Skirmisher (Minotaur Hunter)                 Turns: 3427, Time: 00:02:00

Health: 0/53       AC:  3    Str: 15    XL:     6   Next: 62%
Magic:  5/5        EV: 12    Int:  6    God:
Gold:   214        SH:  0    Dex: 16    Spells: 5/5 levels left

rFire   . . .        Y - +0 shortbow
rCold   . . .        (shield currently unavailable)
rNeg    . . .        c - +0 leather armour
rPois   .            (helmet restricted)
rElec   .            (no cloak)
rCorr   .            (no gloves)
SInv    .            (no boots)
Will    .....        (no amulet)
Stlth   +            (no ring)
HPRegen 0.28/turn    (no ring)
MPRegen 0.09/turn

%: no passive effects
@: lit by a corona, glowing
A: horns 2, retaliatory headbutt
a: no special abilities


You were on level 4 of the Dungeon.
You visited 1 branch of the dungeon, and saw 4 of its levels.

You collected 214 gold pieces.


Innate Abilities, Weirdness & Mutations

You have a pair of horns on your head.
You reflexively headbutt those who attack you in melee.


   Skills:
 - Level 4.3 Fighting
 - Level 8.1 Ranged Weapons
 + Level 2.1 Dodging
 - Level 0.7 Stealth


You had 5 spell levels left.
You didn't know any spells.
Your spell library was empty.

Inventory:

Hand Weapons
 Y - a +0 shortbow (weapon)
Armour
 c - a +0 leather armour (worn)
Scrolls
 a - 2 scrolls of identify
Potions
 e - a potion of mutation
 i - 4 potions of curing

Dungeon Overview and Level Annotations

Branches:
Dungeon (4/15)
 Temple: D:4-7

Altars:
Ashenzari
Elyvilon
Hepliaklqana
Nemelex Xobeh
The Shining One

Annotations:
D:4 Dowan, Duvessa


Message History

Duvessa drinks a potion.
Duvessa is healed!
Dowan hits you but does no damage.
You shoot an arrow.
The arrow hits Duvessa but does no damage.
Duvessa barely misses you. Dowan hits you with a +0 dagger.
You shoot an arrow.
The arrow hits Duvessa but does no damage.
Duvessa hits you with a +0 short sword of protection!
Dowan gestures wildly while chanting.
Dowan blinks!
You shoot an arrow. The arrow barely misses Duvessa.
Duvessa hits you with a +0 short sword of protection.
You shoot an arrow. The arrow barely misses Duvessa.
Duvessa misses you. You furiously retaliate!
You headbutt Duvessa. You shoot an arrow.
The arrow hits Duvessa but does no damage.
Duvessa is lightly wounded.
Duvessa says, "When magic and the sword combine, nothing stands against them."
Duvessa hits you with a +0 short sword of protection.
You shoot an arrow.
The arrow hits Duvessa but does no damage.
Duvessa is lightly wounded.
Duvessa completely misses you.
Dowan points at you and mumbles some strange words.
You are outlined in light.
Duvessa barely misses you. Dowan hits you but does no damage.
You shoot an arrow. The arrow completely misses Duvessa.
Duvessa barely misses you. Dowan hits you but does no damage.
You shoot an arrow.
The arrow hits Duvessa but does no damage.
Duvessa is lightly wounded.
Duvessa barely misses you. Dowan hits you with a +0 dagger.
You shoot an arrow.
The arrow hits Duvessa but does no damage.
Duvessa is lightly wounded.
Duvessa hits you with a +0 short sword of protection!
Dowan hits you with a +0 dagger.
You shoot an arrow. The arrow hits Duvessa!
Duvessa is moderately wounded.
Duvessa hits you with a +0 short sword of protection!
You die...

..#...# #.+..+.._..+..+
..#.### #.#..#.....#..#
....## ###.#..#'###'#..#
.....#####...#..#.....#..#
..#....##....'##'##'##'##+
###.##.#.....#....)#..%..#
....##.......#.....#[....#
.#######.....###'##+##'###
.##### ##.....#e@##..#.#
.....####.....#e####...######
####.##.........# #.##.....#
.#...##........## #.##.....#
................## #.##.....#
......###)....#..###........#
.~~~........>###.#...##.....#
~~~~~...###........#.##.....#
~~7~~........(:...##.##.....#


You could see Duvessa and Dowan.

Vanquished Creatures
  Menkaure (D:4)
  An ogre (D:4)
  Jessica (D:3)
  Natasha (D:3)
  Robin (D:3)
  5 adders
  2 worms
  2 dart slugs (D:3)
  3 orcs (D:3)
  4 ball pythons
  8 bats
  10 endoplasms
  A giant cockroach (D:3)
  16 goblins
  10 hobgoblins
  5 jackals
  8 kobolds
  8 quokkas
  5 frilled lizards
  3 rats (D:3)
95 creatures vanquished.

Notes
Turn   | Place    | Note
-------+----------+-------------------------------------------
     0 | D:1      | qw the Minotaur Hunter began the quest for the Orb.
     0 | D:1      | Reached XP level 1. HP: 18/18 MP: 0/0
     0 | D:1      | 0 ||| qw: Version: 0.2-a-117-gc6b5c8b
     0 | D:1      | 0 ||| qw: Game counter: 2580
     0 | D:1      | 0 ||| qw: Always use a shield: true
     0 | D:1      | 0 ||| qw: God list: Okawaru
     0 | D:1      | 0 ||| qw: Allow faded altars: false
     0 | D:1      | 0 ||| qw: Do Orc after D:15 true
     0 | D:1      | 0 ||| qw: Do second Lair branch before Depths: true
     0 | D:1      | 0 ||| qw: Lair rune preference: random
     0 | D:1      | 0 ||| qw: Plans: Normal
     0 | D:1      | 0 ||| PLANNING D:1-11
   337 | D:1      | Reached XP level 2. HP: 25/25 MP: 1/1
   377 | D:1      | Reached skill level 5 in Ranged Weapons
   489 | D:1      | Reached skill level 3 in Fighting
   773 | D:1      | 773 ||| READING 2 scrolls labelled YMMONO ICKUCKOMN.
   774 | D:1      | 774 ||| READING scroll labelled JOF YMPI USE.
   778 | D:1      | 778 ||| DRINKING 2 purple potions.
   779 | D:1      | 779 ||| DROPPING scroll of butterflies.
   836 | D:2      | Reached XP level 3. HP: 30/31 MP: 2/2
  1345 | D:2      | 1345 ||| DRINKING 2 sapphire potions.
  1346 | D:2      | 1346 ||| READING 4 scrolls of identify.
  1346 | D:2      | 1346 ||| IDENTIFYING metallic ruby potion
  1347 | D:2      | 1347 ||| READING 3 scrolls of identify.
  1347 | D:2      | 1347 ||| IDENTIFYING green potion
  1348 | D:2      | 1348 ||| READING 2 scrolls of identify.
  1348 | D:2      | 1348 ||| IDENTIFYING inky potion
  1349 | D:2      | 1349 ||| DROPPING potion of brilliance.
  1350 | D:2      | 1350 ||| DROPPING potion of attraction.
  1381 | D:3      | Noticed Natasha
  1386 | D:3      | Killed Natasha
  1387 | D:3      | Reached skill level 6 in Ranged Weapons
  1387 | D:3      | Reached XP level 4. HP: 32/38 MP: 3/3
  1426 | D:3      | Noticed Robin
  1435 | D:3      | Killed Robin
  1556 | D:3      | Found a sparkling altar of Nemelex Xobeh.
  1642 | D:3      | Noticed Jessica
  1645 | D:3      | Killed Jessica
  1646 | D:3      | Reached XP level 5. HP: 47/47 MP: 4/4
  1979 | D:3      | Found a glowing golden altar of the Shining One.
  2236 | D:3      | 2236 ||| READING scroll labelled LAYSEG TOEFYUSE.
  2237 | D:3      | 2237 ||| READING scroll labelled AZIFIR CUGARESCH.
  2238 | D:3      | 2238 ||| READING scroll labelled NEIVVU IWOIT.
  2239 | D:3      | 2239 ||| READING 4 scrolls of identify.
  2239 | D:3      | 2239 ||| IDENTIFYING red potion
  2240 | D:3      | 2240 ||| DROPPING potion of enlightenment.
  2601 | D:4      | Noticed Menkaure
  2608 | D:4      | Killed Menkaure
  2609 | D:4      | Reached skill level 7 in Ranged Weapons
  2609 | D:4      | Reached XP level 6. HP: 23/53 MP: 5/5
  2609 | D:4      | 2609 ||| FLEEEEING.
  2610 | D:4      | 2610 ||| STAIRDANCE
  2719 | D:4      | 2719 ||| STAIRDANCE
  2877 | D:4      | Found a white marble altar of Elyvilon.
  2985 | D:4      | Found a broken altar of Ashenzari.
  3082 | D:4      | Reached skill level 8 in Ranged Weapons
  3252 | D:4      | Noticed Duvessa
  3252 | D:4      | Noticed Dowan
  3260 | D:4      | HP: 12/53 [Duvessa/+0 short sword of protection (6)]
  3261 | D:4      | 3261 ||| READING 2 scrolls of teleportation.
  3262 | D:4      | 3262 ||| DRINKING 3 potions of heal wounds.
  3263 | D:4      | Found a hazy altar of Hepliaklqana.
  3331 | D:4      | 3331 ||| READING 3 scrolls of identify.
  3331 | D:4      | 3331 ||| IDENTIFYING orange potion
  3332 | D:4      | 3332 ||| DROPPING potion of magic.
  3333 | D:4      | 3333 ||| Stepping randomly (stuck).
  3334 | D:4      | 3334 ||| Stepping randomly (stuck).
  3335 | D:4      | 3335 ||| Stepping randomly (stuck).
  3336 | D:4      | 3336 ||| Stepping randomly (stuck).
  3337 | D:4      | 3337 ||| Stepping randomly (stuck).
  3338 | D:4      | 3338 ||| Stepping randomly (stuck).
  3339 | D:4      | 3339 ||| Stepping randomly (stuck).
  3340 | D:4      | 3340 ||| Stepping randomly (stuck).
  3341 | D:4      | 3341 ||| Stepping randomly (stuck).
  3342 | D:4      | 3342 ||| Stepping randomly (stuck).
  3343 | D:4      | 3343 ||| Stepping randomly (stuck).
  3344 | D:4      | 3344 ||| Stepping randomly (stuck).
  3345 | D:4      | 3345 ||| Stepping randomly (stuck).
  3346 | D:4      | 3346 ||| Stepping randomly (stuck).
  3347 | D:4      | 3347 ||| Stepping randomly (stuck).
  3348 | D:4      | 3348 ||| Stepping randomly (stuck).
  3349 | D:4      | 3349 ||| Stepping randomly (stuck).
  3350 | D:4      | 3350 ||| Stepping randomly (stuck).
  3351 | D:4      | 3351 ||| Stepping randomly (stuck).
  3352 | D:4      | 3352 ||| Stepping randomly (stuck).
  3353 | D:4      | 3353 ||| Stepping randomly (stuck).
  3354 | D:4      | 3354 ||| Stepping randomly (stuck).
  3355 | D:4      | 3355 ||| Stepping randomly (stuck).
  3356 | D:4      | 3356 ||| Stepping randomly (stuck).
  3357 | D:4      | 3357 ||| Stepping randomly (stuck).
  3358 | D:4      | 3358 ||| Stepping randomly (stuck).
  3359 | D:4      | 3359 ||| Stepping randomly (stuck).
  3360 | D:4      | 3360 ||| Stepping randomly (stuck).
  3361 | D:4      | 3361 ||| Stepping randomly (stuck).
  3362 | D:4      | 3362 ||| Stepping randomly (stuck).
  3363 | D:4      | 3363 ||| Stepping randomly (stuck).
  3364 | D:4      | 3364 ||| Stepping randomly (stuck).
  3365 | D:4      | 3365 ||| Stepping randomly (stuck).
  3366 | D:4      | 3366 ||| Stepping randomly (stuck).
  3367 | D:4      | 3367 ||| Stepping randomly (stuck).
  3368 | D:4      | 3368 ||| Stepping randomly (stuck).
  3369 | D:4      | 3369 ||| Stepping randomly (stuck).
  3370 | D:4      | 3370 ||| Stepping randomly (stuck).
  3371 | D:4      | 3371 ||| Stepping randomly (stuck).
  3372 | D:4      | 3372 ||| Stepping randomly (stuck).
  3373 | D:4      | 3373 ||| Stepping randomly (stuck).
  3374 | D:4      | 3374 ||| Stepping randomly (stuck).
  3375 | D:4      | 3375 ||| Stepping randomly (stuck).
  3376 | D:4      | 3376 ||| Stepping randomly (stuck).
  3377 | D:4      | 3377 ||| Stepping randomly (stuck).
  3378 | D:4      | 3378 ||| Stepping randomly (stuck).
  3379 | D:4      | 3379 ||| Stepping randomly (stuck).
  3380 | D:4      | 3380 ||| Stepping randomly (stuck).
  3381 | D:4      | 3381 ||| Stepping randomly (stuck).
  3382 | D:4      | 3382 ||| Stepping randomly (stuck).
  3383 | D:4      | 3383 ||| Stepping randomly (stuck).
  3384 | D:4      | 3384 ||| READING scroll of teleportation.
  3405 | D:4      | HP: 12/53 [Duvessa/+0 short sword of protection (2)]
  3406 | D:4      | 3406 ||| DRINKING 3 potions of heal wounds.
  3413 | D:4      | HP: 13/53 [Duvessa/+0 short sword of protection (5)]
  3414 | D:4      | 3414 ||| DRINKING 2 potions of heal wounds.
  3417 | D:4      | 3417 ||| DRINKING potion of heal wounds.
  3426 | D:4      | HP: 9/53 [Duvessa/+0 short sword of protection (8)]
  3427 | D:4      | Slain by Duvessa

Levels and vault maps discovered:
D:1:      dpeg_arrival_water_fire, layout_basic
D:2:      minmay_angry_zag, layout_rooms
D:3:      kb_forest_paths, layout_loops_ring, nemelex_dance_club_becter,
          mainiacjoe_overflow_concentric_impassable, minmay_curled_crystal,
          uniq_natasha, uniq_robin, uniq_jessica
D:4:      layout_rooms, nicolae_overflow_hidden_temple, elyvilon_altar_3,
          general_overflow_altar, mainiacjoe_overflow_24_doors, uniq_duvessa,
          uniq_menkaure

Skill      XL: |  1  2  3  4  5  6 |
---------------+-------------------+-----
Ranged Weapons | 5 6 7 8 |  8.1
Fighting       | 3 4 |  4.3
Dodging        | |  2.1
Stealth        | |  0.7

Action                     |  1- 3 |  4- 6 || total
---------------------------+-------+-------++-------
   Fire: Shortbow          |    90 |   196 ||   286
    Use: Scroll            |     5 |     7 ||    12
         Potion            |     2 |     4 ||     6
 Armour: Leather armour    |     3 |    15 ||    18
  Dodge: Dodged            |    20 |    70 ||    90

Table legend:
 A = Non-vault XP
 B = Vault XP
 C = Vault XP percentage of total XP
 D = Non-vault monster count
 E = Vault monster count
 F = Vault count percentage of total count
                 A         B        C        D         E       F
            +---------+---------+-------+---------+---------+-------
      Total |     305 |     294 |  49.1 |      71 |      24 |  25.3
            +---------+---------+-------+---------+---------+-------
        D:1 |      30 |       0 |   0.0 |      18 |       0 |   0.0
        D:2 |      52 |       9 |  14.8 |      17 |       3 |  15.0
        D:3 |      69 |     120 |  63.5 |      22 |      20 |  47.6
        D:4 |     154 |     165 |  51.7 |      14 |       1 |   6.7
            +---------+---------+-------+---------+---------+-------
